 Dungeon Crawl Stone Soup version 0.31-a0-691-g409c26aa35 (webtiles) character file.

Game seed: 14862420011409445799

3 iamoutofideas the Chopper (level 1, 0/30 HPs)
             Began as a Hill Orc Berserker on Sept 7, 2023.
             Was a Follower of Trog.
             Slain by a kobold
             ... wielding a +2 vampiric whip
              (3 damage)
             ... on level 1 of the Dungeon.
             The game lasted 00:00:02 (30 turns).

iamoutofideas the Chopper (Hill Orc Berserker)        Turns: 30, Time: 00:00:03

Health: 0/30       AC:  2    Str: 19    XL:     1   Next: 50%
Magic:  1/1        EV: 12    Int:  7    God:    Trog [*.....]
Gold:   0          SH:  0    Dex: 10    Spells: 0/0 levels left

rFire   . . .        a - +0 hand axe
rCold   . . .        (no shield)
rNeg    . . .        b - +0 animal skin
rPois   .            (no helmet)
rElec   .            (no cloak)
rCorr   .            (no gloves)
SInv    .            (no boots)
Will    .....        (no amulet) Stlth
                     (no ring)
HPRegen 0.25/turn    (no ring)
MPRegen 0.07/turn

%: no passive effects
@: berserking, very quick
A: no striking features
a: Renounce Religion, Berserk


You were on level 1 of the Dungeon.
You worshipped Trog.
Trog was aware of your devotion.
You visited 1 branch of the dungeon, and saw 1 of its levels.

Inventory:

Hand Weapons
 a - a +0 hand axe (weapon)
Armour
 b - a +0 animal skin (worn)


   Skills:
 + Level 3.7 Fighting
 + Level 4.1 Axes
 + Level 2.2 Armour
 + Level 1.6 Dodging


You couldn't memorise any spells.
You didn't know any spells.
Your spell library was empty.

Dungeon Overview and Level Annotations

Branches:
Dungeon (1/15)

Altars:


Message History

You hit the kobold.
You kill the kobold!
Trog accepts your kill.
You hit the bat but do no damage. The bat hits you but does no damage.
The ball python misses you. The ball python barely misses you.
You hit the ball python.
The ball python is moderately wounded.
The bat hits you but does no damage. The ball python misses you.
The ball python grabs you. The ball python constricts you.
You barely miss the ball python.
The ball python is moderately wounded.
The ball python bites you. The ball python constricts you.
A kobold comes into view. It is wielding a +2 vampiric whip.
The bat closely misses you.
You slash the ball python!
You kill the ball python!
Trog accepts your kill.
You barely miss the bat. The bat hits you but does no damage. The bat hits you.
A goblin comes into view. It is wielding a +0 club.
The goblin shouts!
The bat misses you. The kobold barely misses you.
You hit the kobold but do no damage. You closely miss the goblin.
The goblin hits you with a +0 club. The kobold closely misses you.
You hit the kobold but do no damage. You closely miss the goblin.
The kobold hits you with a +2 vampiric whip.
The goblin barely misses you.
An endoplasm comes into view.
The bat barely misses you.
You hit the bat.
You kill the bat!
Trog accepts your kill.
You hit the kobold but do no damage. You hit the goblin.
The kobold hits you with a +2 vampiric whip.
* * * LOW HITPOINT WARNING * * *
The goblin hits you with a +0 club.
* * * LOW HITPOINT WARNING * * *
A red film seems to cover your vision as you go berserk!
You feel yourself moving faster!
You feel mighty!
The kobold hits you with a +2 vampiric whip.
You die...

##.## #....### .......#
....#<.# # ....##.# ##.
.§.....######..####
≈≈≈§...#.##...##.J##
≈≈§§≈....##.#.#.Kg.#
≈≈≈§≈≈...##.#.#)@#
§§≈≈≈≈≈..##.#.##.##
≈≈≈§≈§§........#..####.
≈≈≈≈≈§≈..###...........#
≈≈≈≈≈§≈≈.# ##.....######
≈≈≈§≈≈≈..# #######
≈≈≈≈≈§§≈.# ≈≈§§§§§≈# ###
#####


You could see an endoplasm, a goblin and a kobold.

Vanquished Creatures
  A ball python (D:1)
  A kobold (D:1)
  A bat (D:1)
3 creatures vanquished.

Notes
Turn   | Place    | Note
-------+----------+-------------------------------------------
     0 | D:1      | iamoutofideas the Hill Orc Berserker began the quest for
                  | the Orb.
     0 | D:1      | Reached XP level 1. HP: 19/19 MP: 1/1
    30 | D:1      | Slain by a kobold

Illustrated notes

Levels and vault maps discovered:
D:1:      dpeg_arrival_lava_altar, layout_basic, minmay_close_crescents

Action                     || total
---------------------------++-------
  Melee: Hand axe          ||     8
 Invoke: Berserk           ||     1
 Armour: Animal skin       ||    13
  Dodge: Dodged            ||    10

Table legend: (Time is in decaauts)
 A = Elapsed time spent in this place.
 B = Non-inter-level travel time spent in this place.
 C = Inter-level travel time spent in this place.
 D = Time resting spent in this place.
 E = Time spent auto-exploring this place.
 F = Levels seen in this place.
 G = Mean time per level.
                   A        B        C        D        E       F      G
               +--------+--------+--------+--------+--------+-----+--------+
         Total |     30 |     30 |      0 |      0 |     18 |   1 |   30.0 |
       Dungeon |     30 |     30 |      0 |      0 |     18 |   1 |   30.0 |
               +--------+--------+--------+--------+--------+-----+--------+

Top non-repeatable levels by time:
     D:1: 30 daAuts
